 Dungeon Crawl Stone Soup version 0.30.1-11-g7821555f0a (webtiles) character file.

Game seed: 6777407134884243090

100 KittyFluff the Cudgeller (level 4, 0/43 HPs)
             Began as a Gargoyle Berserker on Nov 9, 2023.
             Was a Believer of Trog.
             Frozen to death by an endoplasm (4 damage)
             ... on level 4 of the Dungeon.
             The game lasted 00:08:40 (2284 turns).

KittyFluff the Cudgeller (Gargoyle Berserker)       Turns: 2284, Time: 00:08:40

Health: 0/43       AC: 10    Str: 22    XL:     4   Next: 73%
Magic:  4/4        EV: 11    Int:  8    God:    Trog [**....]
Gold:   221        SH:  0    Dex:  9    Spells: 3/3 levels left

rFire   . . .        a - +0 mace
rCold   . . .        (no shield)
rNeg    + . .        r - +0 leather armour
rPois   ∞            q - +1 hat
rElec   +            e - +0 cloak
rCorr   .            b - +0 pair of gloves
SInv    .            (no boots)
Will    .....        (no amulet) Stlth
                     (no ring)
HPRegen 0.27/turn    (no ring)
MPRegen 0.09/turn

%: no passive effects
@: berserking, very quick
A: sickness immunity, AC +3, negative energy resistance 1, electricity
resistance, torment resistance 1, petrification resistance
a: Renounce Religion, Berserk, Trog's Hand


You were on level 4 of the Dungeon.
You worshipped Trog.
Trog was pleased with you.
You visited 1 branch of the dungeon, and saw 4 of its levels.

You collected 221 gold pieces.

Inventory:

Hand Weapons
 a - a +0 mace (weapon)
 l - a +0 sling
 t - a +0 heavy mace
Armour
 b - a +0 pair of gloves (worn)
 e - a +0 cloak (worn)
 q - a +1 hat (worn)
 r - a +0 leather armour (worn)
 v - an orb of mayhem
Jewellery
 h - an amulet of magic regeneration
Scrolls
 d - a scroll of vulnerability {unknown}
 f - a scroll of enchant armour {unknown}
 g - a scroll of fear {unknown}
 k - 2 scrolls of immolation {unknown}
 o - 2 scrolls of teleportation {unknown}
 u - a scroll of enchant weapon
Potions
 c - a potion of mutation
 i - 3 potions of cancellation
 j - a potion of might
 m - 3 potions of heal wounds
 n - a potion of magic {unknown}
 p - 2 potions of attraction {unknown}
 s - a potion of brilliance {unknown}
 w - a potion of haste {unknown}


   Skills:
 + Level 3.7 Fighting
 * Level 3.8 Maces & Flails
 * Level 3.5 Armour
 + Level 2.0 Dodging
 + Level 1.4 Stealth


You had 3 spell levels left.
You didn't know any spells.
Your spell library was empty.

Dungeon Overview and Level Annotations

Branches:
Dungeon (4/15)
 Temple: D:4-7

Altars:
Elyvilon
Nemelex Xobeh


Innate Abilities, Weirdness & Mutations

You are immune to sickness and miasma.
Your stone body is resilient. (AC +3)
You are immune to poison.
You resist negative energy. (rN+)
You are resistant to electric shocks. (rElec)
You are resistant to unholy torment.
You are immune to petrification.


Message History

The worm is lightly wounded.
You sock the worm!
The worm is heavily wounded.
The endoplasm freezes you.
You are frozen.
The worm bites you but does no damage. The endoplasm freezes you.
You are frozen.
You barely miss the worm.
The worm is heavily wounded.
The worm bites you but does no damage. The endoplasm barely misses you.
You barely miss the worm.
The worm is heavily wounded.
The endoplasm hits you but does no damage.
The worm barely misses you.
You hit the worm.
The worm is severely wounded.
The endoplasm hits you but does no damage.
The worm bites you.
You hit the worm but do no damage.
The worm is severely wounded.
The endoplasm closely misses you.
You completely miss the worm.
The worm is severely wounded.
The endoplasm hits you but does no damage.
The worm bites you. The endoplasm freezes you.
You are frozen.
* * * LOW HITPOINT WARNING * * *
A red film seems to cover your vision as you go berserk!
You feel yourself moving faster!
You feel mighty! The endoplasm closely misses you. The worm bites you.
* * * LOW HITPOINT WARNING * * *
You sock the worm!
You kill the worm!
Trog accepts your kill.
You hit the endoplasm.
The endoplasm is moderately wounded.
The endoplasm freezes you.
You are frozen.
You die...

#........##
#........#
#........#
##.......#
#.......######
#.......#....##
#.............#
#...)....J....#
#......##@...##
#......##....#
......w.##....#
....J...##..>.#
........#.....>.
........#........
........#.........
##....##..


You could see an endoplasm.

Vanquished Creatures
  A hound (D:3)
  2 adders
  2 worms
  A dart slug (D:1)
  An endoplasm (D:3)
  2 giant cockroaches
  3 goblins (D:1)
  10 hobgoblins
  2 quokkas
  6 ball pythons
  6 bats
  2 frilled lizards (D:2)
  3 kobolds
  3 rats
44 creatures vanquished.

Notes
Turn   | Place    | Note
-------+----------+-------------------------------------------
     0 | D:1      | KittyFluff the Gargoyle Berserker began the quest for the
                  | Orb.
     0 | D:1      | Reached XP level 1. HP: 14/14 MP: 1/1
    23 | D:1      | You fall into a shaft and drop 1 floor!
   163 | D:1      | Reached XP level 2. HP: 18/19 MP: 2/2
   702 | D:1      | Reached XP level 3. HP: 23/23 MP: 3/3
   768 | D:2      | Found a faded altar of an unknown god.
   945 | D:2      | Found a sparkling altar of Nemelex Xobeh.
  1026 | D:2      | Reached ** piety under Trog
  1346 | D:2      | Reached skill level 1 in Stealth
  1925 | D:3      | Found a white marble altar of Elyvilon.
  2069 | D:3      | Reached XP level 4. HP: 28/28 MP: 4/4
  2284 | D:4      | Frozen to death by an endoplasm

Illustrated notes

Levels and vault maps discovered:
D:1:      lightli_arrival_noodles, layout_rooms, serial_curves, eino_curves_02,
          eino_curves_03, chequers_hall_statues_y, minmay_tripent
D:2:      layout_basic, shapermc_ecumenical_altar_totnotflames, basic_altar,
          kennysheep_decorative_pillar, minmay_pentomino_o2
D:3:      layout_rooms, elyvilon_altar_1
D:4:      layout_gridville, eat_drink_and_be_merry_uskayaw,
          worldfamousw_hep_ancestral_shrine, kennysheep_generic_room_3

Skill      XL: |  1  2  3  4 |
---------------+-------------+-----
Armour         | 3 |  3.5
Stealth        | 1 |  1.4
Dodging        | 2 |  2.0
Fighting       | |  3.7
Maces & Flails | |  3.8

Action                     |  1- 3 |  4- 6 || total
---------------------------+-------+-------++-------
  Melee: Mace              |   120 |    26 ||   146
 Invoke: Berserk           |       |     1 ||     1
    Use: Scroll            |       |     5 ||     5
   Stab: Sleeping          |     6 |       ||     6
 Armour: Animal skin       |    40 |       ||    40
         Leather armour    |    22 |    22 ||    44
  Dodge: Dodged            |    87 |    20 ||   107
